 Dungeon Crawl Stone Soup version 0.27-a0-1196-g3e9cee4cb2 (webtiles) character file.

Game seed: 3352093278483330504

5136 Ijustatesigmund the Fighter (level 10, -3/86 HPs)
             Began as a Demonspawn Fighter on May 28, 2021.
             Was an Initiate of Cheibriados.
             Slain by a two-headed ogre
             ... wielding a +0 giant club
              (21 damage)
             ... on level 8 of the Dungeon.
             The game lasted 00:20:04 (11284 turns).

Ijustatesigmund the Fighter (Demonspawn Fighter)   Turns: 11284, Time: 00:20:05

Health: -3/86      AC: 17    Str: 18    XL:     10   Next: 33%
Magic:  12/12      EV: 10    Int: 12    God:    Cheibriados [......]
Gold:   390        SH: 10    Dex: 15    Spells: 9/9 levels left

rFire    . . .     SeeInvis +   a - +1 war axe
rCold    . . .     Faith    .   c - +0 kite shield
rNeg     . . .     Spirit   .   b - +5 ring mail of Uclamuk {rPois SInv}
rPois    +         Reflect  .   h - +0 helmet
rElec    .         Harm     .   f - +0 cloak
rCorr    .         Rampage  .   s - +0 pair of gloves
Will     .....                  (no boots)
Stlth    +.........             (no amulet)
HPRegen  0.24/turn              (no ring)
MPRegen  0.13/turn              (no ring)

@: studying Poison Magic, very slow
A: claws 1, rugged brown scales 2, powered by death 2, spiny 1
a: Renounce Religion, Bend Time


You were on level 8 of the Dungeon.
You worshipped Cheibriados.
Cheibriados was noncommittal.
You visited 2 branches of the dungeon, and saw 10 of its levels.

You collected 390 gold pieces.

Inventory:

Hand Weapons
 a - a +1 war axe (weapon)
 t - a +4 flail
Missiles
 g - 16 poisoned darts (quivered)
 l - 13 javelins
 o - 7 boomerangs of dispersal
Armour
 b - the +5 ring mail of Uclamuk (worn) {rPois SInv}
   (You found it on level 5 of the Dungeon)

   It protects you from poison.
   It lets you see invisible.
 c - a +0 kite shield (worn)
 f - a +0 cloak (worn)
 h - a +0 helmet (worn)
 s - a +0 pair of gloves (worn)
Jewellery
 i - a ring of ice
Wands
 m - a wand of polymorph (10)
 n - a wand of flame (19)
Scrolls
 d - 3 scrolls of teleportation
 e - 3 scrolls of identify
 k - a scroll of fog
 p - 3 scrolls of magic mapping
 u - a scroll of brand weapon {unknown}
Potions
 j - a potion of attraction
 q - a potion of heal wounds
 r - a potion of mutation {unknown}


   Skills:
 + Level 8.8 Fighting
 + Level 8.2 Axes
 + Level 5.9 Armour
 - Level 4.4 Dodging
 - Level 5.3 Shields
 + Level 3.2 Invocations


You had 9 spell levels left.
You didn't know any spells.
Your spell library contained the following spells:

 Spells                   Type           Power      Damage    Failure   Level
 Freeze                   Ice            0%         1d3       89%         1
 Shock                    Conj/Air       0%         1d3       89%         1
 Static Discharge         Conj/Air       0%         N/A       96%         2
 Confusing Touch          Hex            0%         N/A       99%         3
 Frozen Ramparts          Ice            0%         1d2       99%         3
 Gell's Gravitas          Tloc           0%         N/A       99%         3
 Ozocubu's Armour         Ice            0%         N/A       99%         3
 Swiftness                Air            0%         N/A       99%         3
 Airstrike                Air            0%         N/A       100%        4
 Hailstorm                Conj/Ice       0%         3d3       100%        4
 Petrify                  Tmut/Erth      0%         N/A       100%        4
 Lightning Bolt           Conj/Air       0%         1d11      100%        5
 Metabolic Englaciation   Hex/Ice        0%         N/A       100%        5
 Yara's Violent Unravell  Hex/Tmut       0%         3d3       100%        5


Dungeon Overview and Level Annotations

Branches:
Dungeon (9/15)             Temple (1/1) D:5
   Lair: D:8-11         Orc: D:9-12

Altars:
Ashenzari
Cheibriados
Dithmenos
Elyvilon
Fedhas
Gozag
Hepliaklqana
Kikubaaqudgha
Makhleb
Nemelex Xobeh
Okawaru
Qazlal
Ru
Sif Muna
Trog
Uskayaw
Vehumet
Wu Jian
Xom
Yredelemnul
The Shining One
Beogh

Annotations:
D:4 3 runed translucent doors, philipeq's ghost, amateur DsMo


Innate Abilities, Weirdness & Mutations

You have sharp fingernails.
You are mostly covered in rugged brown scales. (AC +2, +5% HP)
You regenerate health from kills.
You are partially covered in sharp spines.


Message History

u - a scroll labelled PASUNE RODANU An orc wizard comes into view.
It is wielding a +0 dagger.
The orc wizard shouts!
You hear two shouts!
You hear a shout!
A warg comes into view.
A two-headed ogre comes into view. It is wielding two +0 giant clubs.
An orc comes into view. It is wielding a +0 hand axe.
As you open the door, it creaks loudly!
You hear a shout!
The orc wizard gestures at you while chanting.
The puff of flame hits you.
There is an open door here.
There is a stone staircase leading up here.
Throw: 17 darts (poison)
Press: ? - help, Q - select action, (/) - cycle Shift-Dir - straight line, f - two-headed ogre
Aim: a two-headed ogre, wielding two +0 giant clubs (77% to hit)
You throw a poisoned dart.
The poisoned dart hits the two-headed ogre.
The two-headed ogre is poisoned.
The two-headed ogre closely misses you.
The two-headed ogre hits you with a +0 giant club!
The orc wizard casts a spell at itself.
The orc wizard flickers and vanishes for a moment.
You climb upwards.
There is a stone staircase leading down here.
You slash the two-headed ogre!
The two-headed ogre is moderately wounded.
You block the two-headed ogre's attack. The two-headed ogre closely misses you.
You hit the two-headed ogre but do no damage.
The two-headed ogre is moderately wounded.
The two-headed ogre hits you with a +0 giant club!
You block the two-headed ogre's attack.
You barely miss the two-headed ogre.
The two-headed ogre is moderately wounded.
The two-headed ogre barely misses you.
The two-headed ogre hits you with a +0 giant club!!
You slash the two-headed ogre!
The two-headed ogre is severely wounded.
The two-headed ogre hits you with a +0 giant club!!
* * * LOW HITPOINT WARNING * * *
The two-headed ogre hits you with a +0 giant club!!
You die...

#...# #.# ####......
##...# #.# #..#####..
###....# #.# ##.##
##. ##..###.##
#.#######.## ##..
#..## ##.##
##....#)...# ##..#
#.##
#..####.........##
##.### ..#
##........#######
##.## ..# ##.......##
#######..# #.#
#######@O###.....(.##
#.# ##..))).....##
#.### #..[.####### ##
#...# #....## #.
##### ##.[.[.## #.
#..##..>## #.
##.###...# #.
#..###..## #.
##.####..## #.


You could see a two-headed ogre (poisoned).

Vanquished Creatures
  A two-headed ogre (D:9)
  Grinder (D:4)
  4 yaks (D:8)
  2 steam dragons
  Duvessa (D:3)
  A water moccasin (D:5)
  3 orc warriors
  A black bear (D:6)
  An ice beast (D:6)
  2 necrophages
  A sky beast (D:8)
  4 ogres
  A centaur (D:9)
  A phantom (D:6)
  A kobold brigand (D:5)
  4 bullfrogs
  A gnoll sergeant (D:8)
  Dowan (D:3)
  A scorpion (D:4)
  A water moccasin zombie (D:6)
  A wyvern skeleton (D:7)
  A water moccasin skeleton (D:5)
  5 killer bees (D:8)
  7 wights
  6 howler monkeys
  A centaur zombie (D:8)
  A bullfrog zombie (D:6)
  2 orc priests
  2 hounds
  3 jellies
  An iguana (D:5)
  6 orc wizards
  2 killer bee zombies
  A hound skeleton (D:4)
  6 adders
  7 gnolls
  2 shadow imps
  2 white imps
  An ufetubus (D:4)
  3 worms
  3 dart slugs
  18 orcs
  6 ball pythons
  2 endoplasms (D:1)
  3 giant cockroaches
  6 goblins
  7 hobgoblins
  2 jackals (D:2)
  5 bats
  4 frilled lizards
  8 kobolds
  5 rats
162 creatures vanquished.

Vanquished Creatures (others)
  2 gnolls (D:8)
  11 plants (D:5)
13 creatures vanquished.

Grand Total: 175 creatures vanquished

Notes
Turn   | Place    | Note
-------+----------+-------------------------------------------
     0 | D:1      | Ijustatesigmund the Demonspawn Fighter began the quest for
                  | the Orb.
     0 | D:1      | Reached XP level 1. HP: 18/18 MP: 1/1
   350 | D:1      | Gained mutation: You are partially covered in rugged brown
                  | scales. (AC +1, +3% HP) [demonic ancestry]
   350 | D:1      | Reached XP level 2. HP: 13/24 MP: 2/2
  1193 | D:2      | Reached XP level 3. HP: 29/29 MP: 3/3
  1216 | D:2      | Found a faded altar of an unknown god.
  1276 | D:2      | Found an ornate altar of the Wu Jian Council.
  1301 | D:2      | Gained mutation: You regenerate a little health from kills.
                  | [demonic ancestry]
  1301 | D:2      | Reached XP level 4. HP: 12/38 MP: 4/4
  2510 | D:3      | Reached XP level 5. HP: 43/43 MP: 5/5
  3312 | D:4      | Gained mutation: You are mostly covered in rugged brown
                  | scales. (AC +2, +5% HP) [demonic ancestry]
  3312 | D:4      | Reached XP level 6. HP: 44/51 MP: 6/6
  3359 | D:4      | Noticed Grinder
  3385 | D:4      | Paralysed by something for 6 turns
  3392 | D:4      | Killed Grinder
  3393 | D:4      | Reached skill level 5 in Fighting
  3651 | D:4      | Reached skill level 5 in Axes
  3651 | D:4      | Reached XP level 7. HP: 58/58 MP: 7/7
  3658 | D:4      | Noticed Dowan
  3661 | D:4      | Noticed Duvessa
  3739 | D:3      | Killed Duvessa
  3745 | D:3      | Killed Dowan
  4270 | D:4      | Identified the +0 leather armour of Past Mistakes {rPois
                  | Str-2 Stlth+}
  4304 | D:4      | Found a runed translucent gate.
  4304 | D:4      | Identified the +7 chain mail "Daexkud" {Drain Will- Regen+
                  | rCorr}
  4305 | D:4      | Found a runed translucent gate.
  4305 | D:4      | Identified the +9 whip "Dosi" {vorpal, rElec rF+ Int-4}
  4305 | D:4      | Identified the +2 scale mail of Awugino {rElec Dex+8
                  | Stlth-}
  4306 | D:4      | Found a runed translucent gate.
  4310 | D:4      | Noticed philipeq's ghost (amateur DsMo)
  4698 | D:5      | Entered Level 5 of the Dungeon
  4955 | D:5      | Gained mutation: You regenerate health from kills. [demonic
                  | ancestry]
  4955 | D:5      | Reached XP level 8. HP: 63/67 MP: 8/8
  4977 | D:5      | Reached skill level 5 in Armour
  5087 | D:5      | HP: 3/67 [ogre/+0 giant spiked club (22)]
  5620 | D:5      | Identified the +5 ring mail of Uclamuk {rPois SInv}
  6029 | D:5      | Found a staircase to the Ecumenical Temple.
  6293 | D:6      | Reached skill level 1 in Dodging
  6996 | D:6      | Gained mutation: You have sharp fingernails. [demonic
                  | ancestry]
  6996 | D:6      | Reached XP level 9. HP: 75/75 MP: 9/9
  7829 | D:7      | Found a faded altar of an unknown god.
  8915 | D:8      | Reached skill level 5 in Shields
  9495 | D:8      | Gained mutation: You are partially covered in sharp spines.
                  | [demonic ancestry]
  9495 | D:8      | Reached XP level 10. HP: 75/84 MP: 10/10
  9554 | Temple   | Entered the Ecumenical Temple
  9774 | Temple   | Became a worshipper of Cheibriados the Contemplative
 10280 | D:9      | Noticed a two-headed ogre
 10292 | D:9      | Killed a two-headed ogre
 10924 | D:9      | Identified a scroll of acquirement
 10924 | D:9      | Acquired a manual of Poison Magic
 11260 | D:9      | Noticed a two-headed ogre
 11284 | D:8      | Slain by a two-headed ogre

Illustrated notes

Levels and vault maps discovered:
D:1:      onia_arrival_pyramid, layout_loops_ring,
          chequers_serial_rivers_small_3
D:2:      layout_basic, ebering_ecumenical_altar_hall, basic_altar, hex_medium
D:3:      layout_basic
D:4:      minmay_octagon_keep, layout_loops_ring, biasface_ghost_orc_armoury,
          hangedman_decor_diamond_cutter, uniq_duvessa, uniq_menkaure,
          uniq_grinder
D:5:      layout_loops_cross, minmay_temple_entry_enclosed_plants,
          chequers_serial_rivers_small_3
D:6:      layout_loops_cross, minivault_11
D:7:      layout_cave_pools, serial_column_ruins, column_ruins_temple_circle,
          column_ruins_square_medium, column_ruins_corridor_corner,
          column_ruins_grid_1, column_ruins_open_small, column_ruins_columns_T,
          column_ruins_open_small
D:8:      layout_layer_cave
D:9:      layout_basic, erik_lair_orcish_takeover
Temple:   kilobyte_greek_temple

Skill      XL: |  1  2  3  4  5  6  7  8  9 10 |
---------------+-------------------------------+-----
Axes           | 2 3 4 5 6 7 8 |  8.2
Fighting       | 4 5 6 7 8 |  8.8
Armour         | 3 4 5 |  5.9
Shields        | 3 5 |  5.3
Dodging        | 2 4 |  4.4
Invocations    | 3 |  3.2

Action                   |  1- 3 |  4- 6 |  7- 9 | 10-12 || total
-------------------------+-------+-------+-------+-------++-------
Melee: War axe           |    86 |   126 |   434 |    60 ||   706
Throw: Dart              |     4 |       |    26 |     5 ||    35
Evoke: Wand              |       |       |    10 |       ||    10
  Use: Potion            |     2 |     3 |     3 |       ||     8
       Scroll            |       |     3 |    11 |     1 ||    15
 Stab: Paralysed         |       |       |     7 |       ||     7
Armor: Scale mail        |    60 |    25 |       |       ||    85
       Chain mail        |       |    69 |    77 |       ||   146
       Ring mail         |       |       |   182 |    22 ||   204
Dodge: Dodged            |    25 |    24 |   180 |    33 ||   262
Block: Kite shield       |    53 |    55 |   269 |    32 ||   409

Table legend: (Time is in decaauts)
 A = Elapsed time spent in this place.
 B = Non-inter-level travel time spent in this place.
 C = Inter-level travel time spent in this place.
 D = Time resting spent in this place.
 E = Time spent auto-exploring this place.
 F = Levels seen in this place.
 G = Mean time per level.
                   A        B        C        D        E       F      G
               +--------+--------+--------+--------+--------+-----+--------+
         Total |  11827 |  11271 |    556 |   3128 |   6270 |  10 | 1182.7 |
       Dungeon |  11563 |  11087 |    476 |   3128 |   6087 |   9 | 1284.8 |
        Temple |    264 |    184 |     80 |      0 |    183 |   1 |  264.0 |
               +--------+--------+--------+--------+--------+-----+--------+

Top non-repeatable levels by time:
     D:8: 1589 daAuts
     D:4: 1455 daAuts
     D:5: 1394 daAuts
     D:3: 1328 daAuts
     D:6: 1319 daAuts
     D:2: 1220 daAuts
     D:9: 1128 daAuts
     D:1: 1117 daAuts
     D:7: 1009 daAuts
  Temple: 264 daAuts
